 Dungeon Crawl Stone Soup version 0.16-a0-4133-g472b14a (webtiles) character file.

6710 Chiseanne the Nimble (level 10, 0/94 HPs)
             Began as a Deep Elf Monk on Mar 3, 2015.
             Was a High Priest of Okawaru.
             Slain by a komodo dragon (11 damage)
             ... on level 1 of the Lair of Beasts.
             The game lasted 00:48:11 (13661 turns).

Chiseanne the Nimble (Deep Elf Monk)               Turns: 13661, Time: 00:48:11

Health: 0/94       AC: 25    Str: 17    XL:     10   Next: 74%
Magic:  25/25      EV:  2    Int: 18    God:    Okawaru [*****.]
Gold:   569        SH:  0    Dex: 17    Spells: 0 memorised, 9 levels left

rFire  . . .     SeeInvis .     a - +0 rapier of Indomitability {god gift, venom, rPois Str+3}
rCold  . . .     Clarity  .     F - melded +3 ring mail {rF+}
rNeg   + + +     SustAb   .     (no shield)
rPois  +         Gourm    .     J - melded +0 helmet
rElec  .         Spirit   .     (cloak currently unavailable)
rCorr  .         Warding  .     e - melded +0 pair of gloves
rMut   .         NoTele   +     y - melded +0 pair of boots
MR     +....                    (no amulet)
Stlth  ++........               V - ring of positive energy
                                j - ring "Schuiva Fruu" {+/*Tele Str+3 Int+2 Slay+2 Stlth-} (curse)

@: tree-form, somewhat resistant to hostile enchantments, unstealthy
A: no striking features
a: Heroism, Finesse, Renounce Religion, Evoke Teleportation


You were on level 1 of the Lair of Beasts.
You worshipped Okawaru.
Okawaru was extremely pleased with you.
You were not hungry.
You were a tree.
You visited 2 branches of the dungeon, and saw 10 of its levels.

You collected 569 gold pieces.

Inventory:

Hand weapons
 a - the +0 rapier of Indomitability (weapon) {god gift, venom, rPois Str+3}
   (Okawaru gifted it to you on level 9 of the Dungeon)

   It poisons the flesh of those it strikes.
   It affects your strength (+3).
   It protects you from poison.
 d - a +6 club
 f - a +2 short sword of protection
 q - a +0 arbalest
 s - a +2 falchion of electrocution
Missiles
 c - 11 tomahawks
 m - 14 poisoned needles
 n - 58 sling bullets
 o - 115 arrows
 r - 3 throwing nets
 w - 8 javelins (quivered)
 D - 7 curare-tipped needles
 G - 45 bolts
 H - 8 silver tomahawks
Armour
 e - a +0 pair of gloves (melded)
 y - a +0 pair of boots (melded)
 F - a +3 ring mail of fire resistance (melded)
 J - a +0 helmet (melded)
Jewellery
 j - the cursed ring "Schuiva Fruu" (left branch) {+/*Tele Str+3 Int+2 Slay+2 Stlth-}
   (You found it on level 5 of the Dungeon)

   [ring of teleportation]

   It causes random teleportation, and can be evoked to teleport at will.
   It affects your strength (+3).
   It affects your intelligence (+2).
   It affects your accuracy and damage with ranged weapons and melee attacks
   (+2).
   It makes you less stealthy.
   It has a curse placed upon it.
 V - a ring of positive energy (right branch)
Magical devices
 t - a wand of confusion (26)
 L - a wand of slowing (16)
 Q - a wand of invisibility (3)
 S - a wand of digging (0)
Scrolls
 h - 2 scrolls of teleportation
 p - 3 scrolls of magic mapping
 v - 5 scrolls of remove curse
Potions
 l - 2 potions of haste
 u - 4 potions of restore abilities
 x - 4 potions of invisibility
 C - 2 potions of agility
 I - 3 potions of curing
 K - a potion of resistance
 P - a potion of cancellation
 R - a potion of might
Comestibles
 b - 10 bread rations
 i - 9 fruits
 k - 2 royal jellies
 z - 2 slices of pizza
 A - 9 meat rations
 M - 2 beef jerkies


   Skills:
 * Level 7.4 Fighting
 - Level 7.0(7.2) Short Blades
 * Level 2.1(4.6) Long Blades
 * Level 5.7 Armour
 - Level 10.0 Dodging
 - Level 2.4 Stealth
 - Level 3.2 Unarmed Combat
 * Level 6.3 Invocations


You had 9 spell levels left.
You didn't know any spells.

Dungeon Overview and Level Annotations

Branches:
Dungeon (9/15)             Temple (0/1) D:7            Lair (1/8) D:9
    Orc: D:9-12

Altars:
Ashenzari
Elyvilon
Gozag
Okawaru
Qazlal
Ru
Sif Muna
Trog
Vehumet
Yredelemnul
Zin
The Shining One

Annotations:
D:8 WhatIsLove's ghost, experienced DgCj


Message History

The black mamba bites you.
* * * LOW HITPOINT WARNING * * *
The komodo dragon bites you but does no damage.
The black mamba bites you but does no damage.
The komodo dragon bites you!
* * * LOW HITPOINT WARNING * * *
The black mamba completely misses you.
The black mamba bites you but does no damage.
The komodo dragon bites you.
* * * LOW HITPOINT WARNING * * *
The black mamba bites you!
* * * LOW HITPOINT WARNING * * *
You feel less invigorated.
You feel less confused. The black mamba barely misses you.
The komodo dragon bites you but does no damage.
The black mamba bites you but does no damage.
The black mamba bites you but does no damage.
The komodo dragon bites you!
You die...

#.........##...##
#.......#...P##
#..†<†.....###
##††##....##
#..†...### .
#.....## ...
###..## #....
##.#.# #...#
#.♣..##
#...##lS...##
#...#......##
#...........#
##..........#
#..........#
##.........#
#.........
##......#


You could see a komodo dragon and a black mamba.

Vanquished Creatures
  A spriggan (D:7)
  A shadow (D:7)
  7 yaks (D:9)
  2 hippogriffs
  The ghost of hornqvist the Covert, an average OpAs (D:4)
  Edmund (D:7)
  Menkaure (D:7)
  3 orc warriors
  2 sky beasts
  2 phantoms (D:7)
  A black bear (D:7)
  4 ogres
  A crocodile (D:9)
  Duvessa (D:7)
  2 big kobolds
  4 centaurs
  Blork the orc (D:9)
  12 giant frogs
  4 scorpions
  2 killer bees (D:8)
  4 crimson imps
  A goliath beetle (D:6)
  Dowan (D:7)
  2 centaur zombies
  4 hounds
  2 jellies (D:6)
  3 orc priests
  A giant frog zombie (D:9)
  11 orc wizards
  2 iguanas
  9 worker ants
  Ijyb (D:2)
  Jessica (D:2)
  4 hound zombies
  A hound skeleton (D:7)
  A worker ant zombie (D:9)
  Robin (D:2)
  16 gnolls
  15 adders
  9 river rats (Lair:1)
  A shadow imp (D:8)
  A giant mite (D:3)
  7 worms
  2 adder zombies (D:7)
  2 adder skeletons
  9 giant geckos
  4 oozes
  48 orcs
  3 ball pythons
  A bat skeleton (D:4)
  5 giant cockroaches
  26 hobgoblins
  27 kobolds
  4 quokkas
  11 bats
  4 giant newts
  30 goblins
  2 jackals (D:2)
  A jackal skeleton (D:4)
  13 rats
  A fungus (Lair:1)
  A plant (Lair:1)
345 creatures vanquished.

Vanquished Creatures (others)
  2 killer bees (D:8)
2 creatures vanquished.

Grand Total: 347 creatures vanquished

Notes
Turn   | Place    | Note
--------------------------------------------------------------
     0 | D:1      | Chiseanne, the Deep Elf Monk, began the quest for the Orb.
     0 | D:1      | Reached XP level 1. HP: 13/13 MP: 2/2
   375 | D:1      | Reached skill level 4 in Dodging
   430 | D:1      | Reached XP level 2. HP: 11/18 MP: 4/4
  1284 | D:1      | Reached XP level 3. HP: 22/22 MP: 6/6
  1813 | D:2      | Reached skill level 5 in Dodging
  1965 | D:2      | Reached skill level 1 in Short Blades
  2216 | D:2      | Noticed Robin
  2245 | D:2      | Killed Robin
  2245 | D:2      | Reached XP level 4. HP: 22/27 MP: 8/8
  2374 | D:2      | Noticed Jessica
  2414 | D:2      | HP: 1/27 [Jessica/nerve-wracking pain (14)]
  2417 | D:2      | Killed Jessica
  2763 | D:2      | Reached skill level 6 in Dodging
  2783 | D:2      | Noticed Ijyb
  2896 | D:2      | Reached XP level 5. HP: 24/31 MP: 10/10
  3181 | D:2      | Found a bloodstained altar of Trog.
  3181 | D:2      | Found an iron altar of Okawaru.
  3186 | D:2      | Found a deep blue altar of Sif Muna.
  3192 | D:2      | Became a worshipper of Warmaster Okawaru
  3192 | D:2      | Acquired Okawaru's first power
  3481 | D:2      | Killed Ijyb
  3875 | D:3      | Reached skill level 1 in Invocations
  4002 | D:3      | Reached skill level 7 in Dodging
  4337 | D:3      | Found a shattered altar of Ashenzari.
  4380 | D:3      | Reached XP level 6. HP: 36/36 MP: 13/13
  4484 | D:3      | Found a stormy altar of Qazlal.
  4881 | D:4      | Noticed hornqvist's ghost (average OpAs)
  5643 | D:4      | Killed hornqvist's ghost
  5685 | D:4      | Reached XP level 7. HP: 41/41 MP: 16/16
  5916 | D:4      | Reached skill level 8 in Dodging
  6161 | D:5      | Entered Level 5 of the Dungeon
  6742 | D:5      | Reached skill level 9 in Dodging
  6742 | D:5      | Reached XP level 8. HP: 45/48 MP: 19/19
  6899 | D:5      | Got a glittering lapis lazuli ring
  6918 | D:5      | Identified the ring "Schuiva Fruu" {+/*Tele Str+3 Int+2 Slay+2 Stlth-} (You found it on level 5 of the Dungeon)
  7765 | D:6      | Found a white marble altar of Elyvilon.
  8738 | D:6      | Reached skill level 10 in Dodging
  9180 | D:6      | Reached skill level 5 in Short Blades
  9193 | D:7      | Found a staircase to the Ecumenical Temple.
  9208 | D:7      | Reached skill level 1 in Armour
  9261 | D:7      | Reached XP level 9. HP: 46/53 MP: 22/22
  9448 | D:7      | Noticed Edmund
  9450 | D:7      | Noticed Duvessa
  9450 | D:7      | Noticed Dowan
  9458 | D:7      | Killed Edmund
  9458 | D:7      | Reached skill level 5 in Fighting
  9479 | D:7      | Killed Duvessa
  9486 | D:7      | Killed Dowan
  9710 | D:7      | Found a glowing golden altar of the Shining One.
  9735 | D:7      | Reached skill level 5 in Invocations
  9934 | D:7      | Found a sacrificial altar of Ru.
 10447 | D:7      | Noticed Menkaure
 10454 | D:7      | Killed Menkaure
 10513 | D:7      | Found a glowing silver altar of Zin.
 10620 | D:7      | Acquired Okawaru's second power
 11348 | D:8      | Reached XP level 10. HP: 44/60 MP: 24/24
 11992 | D:8      | Found a radiant altar of Vehumet.
 12010 | D:8      | Noticed WhatIsLove's ghost (experienced DgCj)
 12025 | D:9      | Reached skill level 1 in Long Blades
 12073 | D:9      | Noticed Blork the orc
 12232 | D:9      | Found a glowing golden altar of the Shining One.
 12255 | D:9      | Killed Blork the orc
 12291 | D:9      | Received a gift from Okawaru
 12292 | D:9      | Got an iridescent rapier {god gift}
 12309 | D:9      | Identified the +0 rapier of Indomitability {god gift, venom, rPois Str+3} (Okawaru gifted it to you on level 9 of the Dungeon)
 12567 | D:9      | Reached skill level 5 in Armour
 12699 | D:9      | Found a staircase to the Lair.
 13144 | D:9      | Found a basalt altar of Yredelemnul.
 13247 | D:9      | Found an opulent altar of Gozag.
 13505 | Lair:1   | Entered Level 1 of the Lair of Beasts
 13646 | Lair:1   | Noticed a black mamba
 13655 | Lair:1   | HP: 2/94 [black mamba (11)]
 13661 | Lair:1   | Slain by a komodo dragon

Action                   |  1- 3 |  4- 6 |  7- 9 | 10-12 || total
-------------------------+-------+-------+-------+-------++-------
Melee: Unarmed           |    16 |       |       |       ||    16
       Short sword       |    97 |   248 |   452 |   144 ||   941
       Club              |       |    18 |    73 |       ||    91
       Falchion          |       |       |    52 |    73 ||   125
       Rapier            |       |       |       |   123 ||   123
 Fire: Arbalest          |       |       |       |     3 ||     3
Throw: Tomahawk          |       |     1 |       |       ||     1
       Javelin           |       |       |     7 |       ||     7
Invok: Heroism           |       |       |       |     2 ||     2
Evoke: Wand              |       |     2 |     5 |     7 ||    14
  Use: Potion            |     2 |     1 |     1 |     6 ||    10
       Scroll            |     3 |    12 |     7 |     8 ||    30
 Stab: Sleeping          |     1 |     6 |     1 |       ||     8
       Confused          |       |     2 |       |     1 ||     3
       Invisible         |       |       |       |     4 ||     4
  Eat: Chunk             |     4 |    11 |    16 |     8 ||    39
       Fruit             |       |       |     3 |       ||     3
